 Dungeon Crawl Stone Soup version 0.31-a0-507-gbafd7f5274 (webtiles) character file.

Game seed: 6431640902303290991

60 Newt the Changeling (level 4, -4/33 (35) HPs)
             Began as a Merfolk Shapeshifter on Aug 9, 2023.
             Slain by an iguana (13 damage)
             ... on level 5 of the Dungeon.
             The game lasted 00:01:41 (1508 turns).

Newt the Changeling (Merfolk Shapeshifter)          Turns: 1508, Time: 00:01:42

HP:   -4/33 (35)    AC:  2    Str: 17    XL:     4   Next: 6%
MP:   4/4           EV: 12    Int:  7    God:
Gold: 116           SH:  0    Dex: 14    Spells: 3/3 levels left

rFire   . . .        b - +1 flail
rCold   . . .        (no shield)
rNeg    . . .        a - +0 animal skin
rPois   .            (helmet currently unavailable)
rElec   .            (cloak currently unavailable)
rCorr   .            (gloves currently unavailable)
SInv    .            (boots currently unavailable)
Will    .....        (no amulet)
Stlth   +            (no ring)
HPRegen 0.25/turn    (no ring)
MPRegen 0.09/turn

%: no passive effects
@: beast-form, drained
A: beast (slay +3), (nimble swimmer 2), mertail
a: Begin Untransformation


You were on level 5 of the Dungeon.
You were a hulking beast.
You visited 1 branch of the dungeon, and saw 4 of its levels.

You collected 116 gold pieces.

Inventory:

Hand Weapons
 b - a +1 flail (weapon)
 l - a +0 short sword of draining
Armour
 a - a +0 animal skin (worn)
Talismans
 c - a beast talisman (active)
 d - a flux talisman
Scrolls
 i - a scroll of revelation
 k - a scroll of blinking
Potions
 e - a potion of curing
 f - a potion of enlightenment {unknown}
 g - a potion of heal wounds {unknown}
 h - a potion of attraction {unknown}
 o - a potion of brilliance {unknown}


   Skills:
 - Level 3.0 Fighting
 - Level 2.6 Dodging
 - Level 3.2 Unarmed Combat
 + Level 5.0 Shapeshifting


You had 3 spell levels left.
You didn't know any spells.
Your spell library was empty.

Dungeon Overview and Level Annotations

Branches:
Dungeon (3/15)

Altars:


Innate Abilities, Weirdness & Mutations

You are a hulking beast.
Your limbs bulge with bestial killing power. (Slay +3)
((You are very nimble when in or above water. (Stealth+, EV+, Speed+++)))
Your lower body shifts to a powerful aquatic tail in water.


Message History

Okay, then.
You completely miss the bat. The bat misses you.
You barely miss the bat. The bat barely misses you. The bat misses you.
You closely miss the bat. The bat barely misses you.
The bat closely misses you.
You closely miss the bat. The bat barely misses you.
You hit the bat.
You kill the bat!
No target in view!
No target in view!
No target in view!
No target in view!
No target in view!
No target in view!
No target in view!
As you read the scroll labelled VATHRA IR UGRIT, it crumbles to dust.
It is a scroll of enchant weapon.
Your +0 flail glows red for a moment.
As you read the scroll labelled LIETAQ OTIC, it crumbles to dust.
It is a scroll of identify.
e - a potion of curing
As you read the scroll labelled WAXZYEPIEPT, it crumbles to dust.
It is a scroll of amnesia.
You feel forgetful for a moment.
Okay, then.
A sourceless malevolence fills the Dungeon...
You fall into a shaft and drop 2 floors!
The shaft crumbles and collapses.
An iguana comes into view.
The iguana hisses angrily.
A scorpion comes into view.
Found 2 stones.
You hit the iguana but do no damage. The iguana bites you!
The iguana attacks as you move away! The iguana bites you!
* * * LOW HITPOINT WARNING * * *
You barely miss the iguana. The iguana closely misses you.
You hit the iguana.
The iguana is lightly wounded.
The iguana bites you!
You die...

#..#######
#........
#.####.##
#.###.#
#.....##
#####..###
###..###
###..#
##h# #l#
#.s# ....#
...##..
....# ...
###. #.#.
# ....
.#.#(#


You could see a scorpion and an iguana.

Vanquished Creatures
  Terence (D:2)
  2 ball pythons (D:1)
  6 endoplasms (D:1)
  A giant cockroach (D:1)
  A goblin (D:2)
  2 hobgoblins (D:1)
  5 jackals
  A quokka (D:1)
  5 bats
  4 frilled lizards
  3 kobolds
  A rat (D:1)
32 creatures vanquished.

Notes
Turn   | Place    | Note
-------+----------+-------------------------------------------
     0 | D:1      | Newt the Merfolk Shapeshifter began the quest for the Orb.
     0 | D:1      | Reached XP level 1. HP: 15/15 MP: 1/1
   211 | D:1      | Reached XP level 2. HP: 19/22 MP: 2/2
   232 | D:1      | Found a faded altar of an unknown god.
   775 | D:2      | Noticed Terence
   779 | D:2      | Reached XP level 3. HP: 29/29 MP: 3/3
   790 | D:2      | Killed Terence
  1201 | D:2      | Reached XP level 4. HP: 32/32 MP: 4/4
  1264 | D:2      | Reached skill level 5 in Shapeshifting
  1490 | D:3      | You fall into a shaft and drop 2 floors!
  1490 | D:5      | Entered Level 5 of the Dungeon
  1503 | D:5      | Noticed a scorpion
  1508 | D:5      | Slain by an iguana

Illustrated notes

Levels and vault maps discovered:
D:1:      dpeg_arrival_rooms_a, layout_loops_ring,
          shapermc_ecumenical_altar_mp_ritualfount, st_stairs_12
D:2:      layout_rooms, uniq_terence
D:3:      layout_basic, mainiacjoe_overflow_alcove_4, serial_bayou_pond_c
D:5:      layout_layer_cave, minmay_door_square, glass_columns_c,
          nicolae_shop_distant_corner_stores, minmay_holes

Skill      XL: |  1  2  3  4 |
---------------+-------------+-----
Fighting       | 2 3 |  3.0
Shapeshifting  | 5 |  5.0
Dodging        | |  2.6
Unarmed Combat | |  3.2

Action                     |  1- 3 |  4- 6 || total
---------------------------+-------+-------++-------
  Melee: Unarmed           |    56 |       ||    56
         Flail             |    18 |    14 ||    32
    Use: Scroll            |     4 |     3 ||     7
         Potion            |     1 |       ||     1
 Armour: Animal skin       |    14 |       ||    14
         Skin              |     2 |       ||     2
  Dodge: Dodged            |    67 |    11 ||    78

Table legend: (Time is in decaauts)
 A = Elapsed time spent in this place.
 B = Non-inter-level travel time spent in this place.
 C = Inter-level travel time spent in this place.
 D = Time resting spent in this place.
 E = Time spent auto-exploring this place.
 F = Levels seen in this place.
 G = Mean time per level.
                   A        B        C        D        E       F      G
               +--------+--------+--------+--------+--------+-----+--------+
         Total |   1514 |   1502 |     12 |    231 |   1049 |   4 |  378.5 |
       Dungeon |   1514 |   1502 |     12 |    231 |   1049 |   4 |  378.5 |
               +--------+--------+--------+--------+--------+-----+--------+

Top non-repeatable levels by time:
     D:1: 748 daAuts
     D:2: 704 daAuts
     D:3: 43 daAuts
     D:5: 18 daAuts
